 Dungeon Crawl Stone Soup version 0.23.0 (webtiles) character file.

Game seed: 12749927978324744581

267 Kairos the Shield-Bearer (level 6, -3/32 HPs)
             Began as a Vine Stalker Fighter on Feb 15, 2019.
             Slain by an ogre
             ... wielding a +0 giant club
              (12 damage)
             ... on level 4 of the Dungeon.
             The game lasted 00:04:40 (2792 turns).

Kairos the Shield-Bearer (Vine Stalker Fighter)     Turns: 2792, Time: 00:04:41

Health: -3/32      AC: 14    Str: 21    XL:     6   Next: 21%
Magic:  0/7        EV:  5    Int: 11    God:
Gold:   148        SH:  9    Dex: 13    Spells: 5/5 levels left

rFire    + . .     SeeInvis .   a - +1 war axe
rCold    . . .     Gourm    .   c - +0 shield
rNeg     . . .     Faith    +   l - +2 chain mail {rF+}
rPois    .         Spirit   +   (no helmet)
rElec    .         Reflect  .   t - +0 cloak
rCorr    .         Harm     .   (no gloves)
MR       .....                  o - +1 pair of boots
Stlth    ..........             q - amulet of faith
HPRegen  0.50/turn              i - ring of stealth
MPRegen  0.10/turn              v - +3 ring of intelligence

@: lethally poisoned (-3 -> -3)
A: fangs 2, regeneration 1, magic shield, antimagic bite, no potion heal 3, rot
immunity
a: no special abilities


You were on level 4 of the Dungeon.
You were hungry.

You visited 1 branch of the dungeon, and saw 4 of its levels.

You collected 148 gold pieces.

Inventory:

Hand Weapons
 a - a +1 war axe (weapon)
Missiles
 k - 2 tomahawks (quivered)
Armour
 c - a +0 shield (worn)
 l - a +2 chain mail of fire resistance (worn)
 o - a +1 pair of boots (worn)
 t - a +0 cloak (worn)
Jewellery
 i - a ring of stealth (left hand)
 q - an amulet of faith (around neck)
 v - a +3 ring of intelligence (right hand)
Scrolls
 g - 2 scrolls of remove curse
 j - a scroll of blinking
 r - 2 scrolls of magic mapping
 u - a scroll of noise
Potions
 b - a potion of flight
 d - a potion of might
 e - a potion of degeneration {unknown}
 h - a potion of lignification {unknown}
 m - a potion of cancellation {unknown}
 n - 2 potions of curing
 s - a potion of berserk rage {unknown}
 w - a potion of brilliance {unknown}
Comestibles
 f - 8 rations


   Skills:
 + Level 3.4 Fighting
 + Level 3.5 Axes
 + Level 3.3 Armour
 + Level 0.7 Dodging
 + Level 3.8 Shields


You had 5 spell levels left.
You didn't know any spells.
Your spell library was empty.

Dungeon Overview and Level Annotations

Branches:
Dungeon (4/15)
 Temple: D:4-7

Altars:
Cheibriados
Gozag
Hepliaklqana
Kikubaaqudgha
Nemelex Xobeh
Yredelemnul


Innate Abilities, Weirdness & Mutations

You have extremely sharp teeth.
Your natural rate of healing is unusually fast.
When hurt, damage is shared between your health and your magic reserves.
Your bite disrupts and absorbs the magic of your enemies.
Potions cannot restore your health.
You are immune to rotting.


Message History

You throw a tomahawk. The tomahawk barely misses the ogre.
Throwing (i - inventory)
k - 4 tomahawks (quivered)
Press: ? - help, Shift-Dir - straight line, f/p - ogre
Aim: an ogre, wielding a +0 giant club You throw a tomahawk.
The tomahawk hits the ogre.
The ogre is lightly wounded.
You feel sick.
Throwing (i - inventory)
k - 3 tomahawks (quivered)
Press: ? - help, Shift-Dir - straight line, f/p - ogre
Aim: an ogre, wielding a +0 giant club (lightly wounded)
You throw a tomahawk. The tomahawk hits the ogre.
The ogre is moderately wounded.
You feel sick.
The ogre hits you with a +0 giant club!!
Ouch! That really hurt!
* * * LOW HITPOINT WARNING * * *
You hit the ogre. You bite the ogre. You drain its power.
You feel invigorated.
The ogre is severely wounded.
The ogre hits you with a +0 giant club!!
You die...

# #..............# # #.#
###>...#######.# ###. .#.#
##....### #.# ####.. ...
##........# #o# ....# ..#
#.......#.# #o#
#..##.##########..........#
#.#
#.o).....((....#.......#..#
#o#
##.#(o......(..........##..#
#.#
#.###.##......O@...#.####..#
#.# ##..#.## ..#####.##.#.#
#..# #.# #.#..#
#.##.#.####..###.# .###.#
#.# .#.......{...# #.#.##
#.. ........Z##### #(..#
####.######<## ....#
......†....# #...#
###.######## #####


You could see an ogre.

Vanquished Creatures
  A hound (D:3)
  An iguana (D:4)
  3 worker ants (D:4)
  3 adders
  3 oozes
  An adder skeleton (D:4)
  4 worms
  2 dart slugs
  2 leopard geckos
  8 orcs (D:3)
  4 bats
  4 giant cockroaches
  10 goblins
  7 hobgoblins
  4 jackals
  4 kobolds
  2 quokkas (D:3)
  2 ball pythons
  6 frilled lizards
  5 rats
76 creatures vanquished.

Notes
Turn   | Place    | Note
-------+----------+-------------------------------------------
     0 | D:1      | Kairos the Vine Stalker Fighter began the quest for the
                  | Orb.
     0 | D:1      | Reached XP level 1. HP: 11/11 MP: 2/2
    55 | D:1      | Reached XP level 2. HP: 16/16 MP: 3/3
   553 | D:1      | Reached XP level 3. HP: 20/20 MP: 4/4
   659 | D:2      | Found a hazy altar of Hepliaklqana.
   680 | D:2      | Found a faded altar of an unknown god.
  1409 | D:2      | Gained mutation: Your natural rate of healing is unusually
                  | fast. [Vine Stalker growth]
  1409 | D:2      | Reached XP level 4. HP: 24/24 MP: 5/5
  1515 | D:2      | Found a basalt altar of Yredelemnul.
  1545 | D:2      | Found a snail-covered altar of Cheibriados.
  1690 | D:2      | Found an opulent altar of Gozag.
  1690 | D:2      | Found a sparkling altar of Nemelex Xobeh.
  2198 | D:3      | Reached XP level 5. HP: 26/28 MP: 6/6
  2488 | D:4      | Noticed an ogre
  2619 | D:4      | Noticed a phantom
  2717 | D:4      | Found an ancient bone altar of Kikubaaqudgha.
  2726 | D:4      | Reached XP level 6. HP: 29/32 MP: 5/7
  2792 | D:4      | Slain by an ogre

Skill      XL: |  1  2  3  4  5 |
---------------+----------------+-----
Fighting       | 3 |  3.4
Axes           | 2 3 |  3.5
Shields        | 3 |  3.8
Armour         | 3 |  3.3
Dodging        | |  0.7

Action                   |  1- 3 |  4- 6 || total
-------------------------+-------+-------++-------
Melee: War axe           |    97 |   150 ||   247
       Bite              |    25 |    36 ||    61
Throw: Tomahawk          |       |     3 ||     3
  Use: Scroll            |       |     7 ||     7
       Potion            |       |     1 ||     1
  Eat: Chunk             |       |     6 ||     6
Armor: Scale mail        |    18 |       ||    18
       Chain mail        |    21 |   123 ||   144
Dodge: Dodged            |    26 |    44 ||    70
Block: Shield            |    48 |    92 ||   140
